 Dungeon Crawl Stone Soup version 0.32-a0-886-g41c5271027 (webtiles) character file.

Game seed: 6018293007875421288

8918 mopl the Toxicologist (level 11, -2/74 HPs)
             Began as an Octopode Alchemist on Apr 2, 2024.
             Was a Believer of Vehumet.
             Hit by a boomerang thrown by a red devil (20 damage)
             ... on level 1 of the Orcish Mines.
             The game lasted 00:19:24 (8161 turns).

mopl the Toxicologist (Octopode Alchemist)          Turns: 8161, Time: 00:19:26

Health: -2/74      AC:  2    Str:  8    XL:     11   Next: 38%
Magic:  31/32      EV: 17    Int: 21    God:    Vehumet [**....]
Gold:   210        SH:  0    Dex: 13    Spells: 10/26 levels left

rFire   . . .        n - staff of air
rCold   . . .        (no shield)
rNeg    . . .        S - +1 hat
rPois   .            i - amulet of magic regeneration
rElec   +            s - ring of magical power
rCorr   .            T - +5 ring of evasion
SInv    .            (no ring)
Will    .....        (no ring)
Stlth   +++          (no ring)
HPRegen 0.32/turn    (no ring)
MPRegen 0.63/turn    (no ring)
                     (no ring)

%: no passive effects
@: spiked
A: almost no armour, amphibious, 8 rings, camouflage 1, gelatinous body 1,
(nimble swimmer 1), tentacles
a: Renounce Religion


You were on level 1 of the Orcish Mines.
You worshipped Vehumet.
Vehumet was pleased with you.
You visited 3 branches of the dungeon, and saw 11 of its levels.

You collected 609 gold pieces.
You spent 399 gold pieces at shops.

Inventory:

Hand Weapons
 E - a +2 spectral quarterstaff
 H - a +0 hand axe of flaming
 I - a +2 trident of flaming
Missiles
 g - 11 boomerangs
 p - 26 poisoned darts
Armour
 J - a +0 kite shield
 S - a +1 hat (worn)
Magical Staves
 n - a staff of air (weapon)
 A - a staff of cold
 P - a staff of earth
Jewellery
 i - an amulet of magic regeneration (around mantle)
 s - a ring of magical power (left tentacle)
 M - a ring of ice
 T - a +5 ring of evasion (right tentacle)
Talismans
 L - a talisman of death
Wands
 d - a wand of digging (1)
 j - a wand of roots (10)
 v - a wand of mindburst (13)
 Q - a wand of paralysis (9)
Scrolls
 b - 8 scrolls of teleportation
 l - 3 scrolls of poison
 o - 3 scrolls of fog {unknown}
 r - 3 scrolls of blinking {unknown}
 t - a scroll of fear {unknown}
 u - a scroll of butterflies {unknown}
 w - 4 scrolls of enchant armour {unknown}
 x - 2 scrolls of revelation {unknown}
 y - a scroll of enchant weapon {unknown}
 B - 2 scrolls of amnesia {unknown}
 D - a scroll of acquirement {unknown}
 F - a scroll of brand weapon {unknown}
 G - 4 scrolls of identify
 R - a scroll of noise {unknown}
Potions
 a - 2 potions of magic
 c - 2 potions of ambrosia
 e - a potion of might
 f - a potion of mutation {!q}
 h - a potion of enlightenment
 k - 2 potions of lignification {!q}
 m - a potion of berserk rage {!q}
 q - 4 potions of haste
 z - a potion of invisibility
 C - a potion of heal wounds
 K - a potion of resistance
 N - a potion of brilliance {unknown}
 O - a potion of experience {unknown}
 U - a potion of curing


   Skills:
 + Level 6.7 Fighting
 - Level 2.0 Dodging
 - Level 2.6 Stealth
 + Level 8.0 Spellcasting
 + Level 8.5 Conjurations
 + Level 6.7 Fire Magic
 + Level 9.8 Alchemy


You had 10 spell levels left.
You knew the following spells:

 Your Spells              Type           Power      Damage    Failure   Level
a - Sting                 Conj/Alch      100%       1d9       1%          1
c - Mephitic Cloud        Conj/Alch/Air  50%        N/A       1%          3
d - Sticky Flame          Fire/Alch      43%        2d8       2%          4
o - Olgreb's Toxic Radia  Alch           49%        N/A       1%          4
w - Flame Wave            Conj/Fire      40%        2d11      3%          4

Your spell library contained the following spells:

 Spells                   Type           Power      Damage    Failure   Level
 Scorch                   Fire           72%        2d8       1%          2
 Kiss of Death            Conj/Necr      100%       2d13      1%          1
 Mercury Vapours          Alch/Air       86%        N/A       1%          2
 Ignite Poison            Fire/Alch      43%        N/A       2%          4
 Stone Arrow              Conj/Erth      52%        3d10      4%          3
 Inner Flame              Hex/Fire       22%        N/A       6%          3
 Necrotise                Necr           32%        1d5       8%          1
 Sandblast                Erth           16%        2d6       8%          1
 Slow                     Hex            32%        N/A       8%          1
 Brom's Barrelling Bould  Conj/Erth      26%        2d5       14%         4
 Confusing Touch          Hex            8%         N/A       24%         3
 Summon Ice Beast         Ice/Summ       8%         N/A       24%         3
 Teleport Other           Tloc           8%         N/A       24%         3
 Vampiric Draining        Necr           8%         2d6       24%         3
 Dispel Undead            Necr           8%         3d8       61%         4
 Martyr's Knell           Necr/Summ      8%         N/A       61%         4
 Curse of Agony           Necr           8%         N/A       91%         5
 Summon Mana Viper        Hex/Summ       8%         N/A       91%         5
 Dispersal                Tloc           4%         N/A       100%        6
 Gell's Gavotte           Tloc           4%         2d(13-19) 100%        6
 Monstrous Menagerie      Summ           4%         N/A       100%        7
 Ignition                 Fire           18%        3d7       100%        8


Dungeon Overview and Level Annotations

Branches:
Dungeon (9/15)             Temple (1/1) D:7             Orc (1/2) D:9
   Lair: D:8-11

Altars:
Ashenzari
Cheibriados
Dithmenos
Elyvilon
Fedhas
Gozag
Hepliaklqana
Kikubaaqudgha
Makhleb
Nemelex Xobeh
Okawaru
Qazlal
Ru
Sif Muna
Trog
Uskayaw
Vehumet
Wu Jian
Xom
Yredelemnul
Zin

Shops:
D:1 *   D:4 [   D:6 !   D:8 *


Innate Abilities, Weirdness & Mutations

You cannot wear most types of armour.
You are amphibious.
You can wear up to eight rings at the same time.
Your skin changes colour to match your surroundings (Stealth+).
Your rubbery body absorbs attacks. (AC +1, EV +1)
((You are camouflaged when in or above water. (Stealth+)))
You have tentacles for arms and can constrict up to eight enemies at once.


Message History

The sting hits the orc wizard.
The orc wizard looks even sicker.
You kill the orc wizard!
Vehumet accepts your kill.
You feel your power returning.
The sting hits the red devil but does no damage.
The red devil is poisoned.
A red devil comes into view. It is wielding a +0 spear.
An orc comes into view. It is wielding a +0 hand axe.
You see here a +0 trident.
The red devil looks more healthy.
An orc comes into view.
It is wielding a +1 trident of distortion.
The orc shouts! x2
The red devil barely misses you.
The red devil attacks as it pursues you!
The red devil misses you.
Things that are here:
a +0 dire flail; a +0 chain mail The red devil throws a boomerang.
The boomerang closely misses you.
There is a staircase back to the Dungeon here.
The red devil blocks the sting.
The red devil closely misses you.
The sting hits the red devil but does no damage.
The red devil is poisoned.
The red devil is lightly wounded.
The red devil hits you from afar with a +0 trident!
Barbed spikes become lodged in your body.
The sting hits the red devil but does no damage.
The red devil looks even sicker.
The red devil is moderately wounded.
The red devil throws a boomerang.
The boomerang barely misses you.
The red devil hits you from afar with a +0 trident!
More barbed spikes become lodged in your body.
The sting hits the red devil but does no damage.
The red devil looks even sicker.
The red devil is moderately wounded.
The red devil throws a boomerang.
The boomerang hits you!!
The red devil hits you from afar with a +0 trident!
* * * LOW HITPOINT WARNING * * *
More barbed spikes become lodged in your body.
The red devil throws a boomerang.
The boomerang hits you!!
You die...

#.. ## ##. ## ##.## #..
##.###... ##. #
#...#...## ### ##
#.#...#....## ##.#####^
......^.....# #...##)..
#..........######.......
.......@)4.#.##.#..)$...
...........4o........#)#
........#.##........###.
.........##.........# ..
........) #.......).....
..#.....).............##
#........).............#
....#..................
....#.$.>....#.........


You could see 2 red devils and an orc.

Vanquished Creatures
  Gastronok (D:8)
  An orc sorcerer (Orc:1)
  A kobold demonologist (D:4)
  A red devil (Orc:1)
  A hornet (D:7)
  A shadow (D:7)
  12 yaks
  2 steam dragons
  13 orc warriors
  2 sky beasts
  2 black bears
  An ogre (D:5)
  A centaur (D:9)
  A phantom (D:7)
  Blork the orc (D:5)
  2 kobold brigands
  A bullfrog (D:8)
  A gnoll sergeant (D:7)
  4 scorpions
  11 wights
  4 killer bees (D:9)
  2 bombardier beetles
  7 hounds
  A jelly (D:7)
  A gnoll bouda (D:9)
  10 orc priests
  2 iguanas (D:5)
  19 orc wizards
  Robin (D:3)
  10 gnolls
  11 adders
  3 shadow imps (D:4)
  2 white imps
  4 dart slugs
  3 ribbon worms
  40 orcs
  6 endoplasms
  A giant cockroach (D:1)
  18 goblins
  4 hobgoblins
  6 jackals
  14 kobolds
  4 quokkas
  9 ball pythons
  6 bats
  3 frilled lizards
  7 rats
258 creatures vanquished.

Notes
Turn   | Place    | Note
-------+----------+-------------------------------------------
     0 | D:1      | mopl the Octopode Alchemist began the quest for the Orb.
     0 | D:1      | Reached XP level 1. HP: 11/11 MP: 3/3
    93 | D:1      | Found a faded altar of an unknown god.
   120 | D:1      | Reached XP level 2. HP: 17/17 MP: 1/5
   397 | D:1      | Found Jiash's Assorted Antiques.
   406 | D:1      | Bought an orange potion for 22 gold pieces
   410 | D:1      | Reached XP level 3. HP: 21/21 MP: 2/6
   544 | D:1      | Reached skill level 2 in Conjurations
   832 | D:2      | Reached skill level 4 in Alchemy
   941 | D:2      | Reached XP level 4. HP: 27/27 MP: 3/8
  1203 | D:2      | Reached skill level 3 in Spellcasting
  1209 | D:2      | Learned a level 4 spell: Olgreb's Toxic Radiance
  1306 | D:3      | Noticed Robin
  1321 | D:3      | Killed Robin
  1326 | D:3      | Reached XP level 5. HP: 16/31 MP: 4/9
  1815 | D:1      | Bought a scroll labelled APLIMUE FOES for 25 gold pieces
  1815 | D:1      | Bought a scroll labelled VOZOGURURI for 25 gold pieces
  2028 | D:1      | Bought 3 scrolls labelled FUCROF YLEFECS for 75 gold pieces
  2121 | D:4      | Found a transporter.
  2124 | D:4      | Noticed a kobold demonologist
  2139 | D:4      | Found a transporter.
  2177 | D:4      | Reached skill level 3 in Conjurations
  2215 | D:4      | Reached XP level 6. HP: 29/36 MP: 11/11
  2362 | D:4      | Found Kerep's Antique Armour Emporium.
  2596 | D:5      | Entered Level 5 of the Dungeon
  2602 | D:5      | Learned a level 4 spell: Sticky Flame
  2606 | D:5      | Learned a level 3 spell: Mephitic Cloud
  2606 | D:5      | Noticed a sky beast
  2612 | D:5      | Killed a sky beast
  2613 | D:5      | Reached skill level 4 in Spellcasting
  2613 | D:5      | Reached skill level 5 in Alchemy
  2689 | D:5      | Reached skill level 4 in Conjurations
  2689 | D:5      | Reached XP level 7. HP: 41/41 MP: 12/13
  2862 | D:5      | Reached skill level 6 in Alchemy
  2872 | D:5      | Noticed Blork the orc
  2879 | D:5      | Killed Blork the orc
  3267 | D:6      | Reached skill level 5 in Spellcasting
  3267 | D:6      | Reached skill level 5 in Conjurations
  3267 | D:6      | Reached XP level 8. HP: 37/47 MP: 15/15
  3276 | D:6      | Found Touzurab's Distillery.
  3288 | D:6      | Bought a potion of might for 48 gold pieces
  3321 | D:6      | Reached skill level 1 in Fighting
  3321 | D:6      | Reached skill level 1 in Fire Magic
  3747 | D:6      | Reached skill level 2 in Fighting
  3747 | D:6      | Reached skill level 2 in Fire Magic
  3946 | D:6      | Found a snail-covered altar of Cheibriados.
  4042 | D:6      | Reached skill level 7 in Alchemy
  4084 | D:6      | Found a sacrificial altar of Ru.
  4121 | D:6      | Found an opulent altar of Gozag.
  4341 | D:7      | Reached XP level 9. HP: 38/55 MP: 9/17
  4344 | D:7      | Reached skill level 3 in Fighting
  4433 | D:7      | Reached skill level 6 in Conjurations
  4433 | D:7      | Reached skill level 3 in Fire Magic
  4876 | D:7      | Reached skill level 6 in Spellcasting
  4977 | D:6      | Bought a potion of resistance for 120 gold pieces
  5272 | D:7      | Found a basalt altar of Yredelemnul.
  5287 | D:7      | Noticed a hornet
  5293 | D:7      | Killed a hornet
  5302 | D:7      | Reached skill level 4 in Fighting
  5302 | D:7      | Reached skill level 4 in Fire Magic
  5457 | D:7      | Found a staircase to the Ecumenical Temple.
  5517 | Temple   | Entered the Ecumenical Temple
  5538 | Temple   | Became a worshipper of Vehumet
  5783 | D:8      | Reached skill level 8 in Alchemy
  5964 | D:8      | Reached XP level 10. HP: 60/65 MP: 17/19
  5966 | D:8      | Reached skill level 7 in Conjurations
  5986 | D:8      | Reached skill level 5 in Fighting
  5986 | D:8      | Reached skill level 5 in Fire Magic
  6095 | D:8      | Learned a level 4 spell: Flame Wave
  6122 | D:8      | Found Secw's General Store.
  6125 | D:8      | Bought a scroll of teleportation for 36 gold pieces
  6125 | D:8      | Bought a scroll of poison for 48 gold pieces
  6356 | D:8      | Noticed Gastronok
  6527 | D:8      | Killed Gastronok
  6528 | D:8      | Reached skill level 7 in Spellcasting
  6865 | D:4      | Killed a kobold demonologist
  6866 | D:4      | Reached skill level 9 in Alchemy
  7167 | D:9      | Reached * piety under Vehumet
  7167 | D:9      | Offered knowledge of Magic Dart by Vehumet.
  7177 | D:9      | Reached skill level 6 in Fighting
  7177 | D:9      | Reached skill level 6 in Fire Magic
  7264 | D:9      | Found a shimmering blue altar of Sif Muna.
  7459 | D:9      | Reached skill level 8 in Conjurations
  7465 | D:9      | Reached XP level 11. HP: 69/72 MP: 22/22
  7514 | D:9      | Found a blossoming altar of Fedhas.
  7516 | D:9      | Found a burning altar of Makhleb.
  7669 | D:9      | Found a staircase to the Orcish Mines.
  7709 | D:9      | Offered knowledge of Scorch by Vehumet.
  7804 | D:9      | Reached ** piety under Vehumet
  8029 | Orc:1    | Entered Level 1 of the Orcish Mines
  8069 | Orc:1    | Noticed an orc sorcerer
  8094 | Orc:1    | Killed an orc sorcerer
  8104 | Orc:1    | Reached skill level 8 in Spellcasting
  8161 | Orc:1    | Hit by a boomerang thrown by a red devil

Illustrated notes

Levels and vault maps discovered:
D:1:      saegor_arrival_simple_d, layout_basic, nicolae_ecumenical_lake_church,
          serial_shops, shop
D:2:      layout_rooms, grunt_ministairs_9
D:3:      layout_rooms, kennysheep_potato, uniq_robin
D:4:      gammafunk_wand_slinger, layout_basic, serial_shops,
          nicolae_shop_window_shopping
D:5:      layout_cave_pools, roderic_serpentine_path, nicolae_titane,
          uniq_blork_the_orc
D:6:      layout_rooms, lemuel_crystal_altar, nicolae_gozag_seed_capital,
          nicolae_ru_the_path_less_chosen, serial_shops, shop
D:7:      layout_basic, mainiacjoe_overflow_paths,
          minmay_temple_entry_glassed_door
D:8:      layout_basic, serial_shops, nicolae_shop_tiny_real_fake_doors,
          uniq_gastronok
D:9:      layout_irregular_city, nicolae_sif_muna_little_library,
          grunt_temple_overflow_open, david_orc_4, minivault_16
Temple:   dpeg_chambers_temple
Orc:1:    layout_caves, einodemon_armed_red_devil_minivault

Skill      XL: |  1  2  3  4  5  6  7  8  9 10 11 |
---------------+----------------------------------+-----
Conjurations   | 2 3 4 5 6 8 |  8.5
Alchemy        | 4 5 6 7 8 9 |  9.8
Spellcasting   | 3 4 5 6 7 8 |  8.0
Fighting       | 2 4 6 |  6.7
Fire Magic     | 2 4 6 |  6.7
Dodging        | |  2.0
Stealth        | |  2.6

Action                     |  1- 3 |  4- 6 |  7- 9 | 10-12 || total
---------------------------+-------+-------+-------+-------++-------
  Melee: Unarmed           |    13 |    12 |       |       ||    25
         Tentacles         |     5 |     6 |       |     1 ||    12
         Constrict         |     4 |     2 |     1 |       ||     7
         Punch             |     1 |       |       |       ||     1
         Staff             |       |     2 |     2 |     2 ||     6
   Cast: Sting             |    38 |    93 |   121 |   122 ||   374
         Olgreb's Toxic Ra |       |     7 |    25 |    36 ||    68
         Mephitic Cloud    |       |     1 |     5 |     9 ||    15
         Sticky Flame      |       |       |    24 |     8 ||    32
  Evoke: Wand              |       |       |     6 |     4 ||    10
    Use: Scroll            |       |     8 |     3 |       ||    11
         Potion            |       |       |     1 |     1 ||     2
   Stab: Sleeping          |     1 |     2 |       |       ||     3
 Armour: Skin              |     8 |    24 |    59 |    39 ||   130
  Dodge: Dodged            |    17 |    30 |    68 |    60 ||   175

Table legend: (Time is in decaauts)
 A = Elapsed time spent in this place.
 B = Non-inter-level travel time spent in this place.
 C = Inter-level travel time spent in this place.
 D = Time resting spent in this place.
 E = Time spent auto-exploring this place.
 F = Levels seen in this place.
 G = Mean time per level.
                   A        B        C        D        E       F      G
               +--------+--------+--------+--------+--------+-----+--------+
         Total |   8210 |   7454 |    756 |   1675 |   4152 |  11 |  746.4 |
       Dungeon |   8036 |   7323 |    713 |   1671 |   4132 |   9 |  892.9 |
        Temple |     42 |      1 |     41 |      0 |      0 |   1 |   42.0 |
  Orcish Mines |    131 |    131 |      0 |      4 |     20 |   1 |  131.0 |
               +--------+--------+--------+--------+--------+-----+--------+

Top non-repeatable levels by time:
     D:6: 1438 daAuts
     D:7: 1106 daAuts
     D:8: 1075 daAuts
     D:9: 875 daAuts
     D:1: 875 daAuts
     D:4: 865 daAuts
     D:5: 678 daAuts
     D:2: 603 daAuts
     D:3: 518 daAuts
   Orc:1: 131 daAuts
  Temple: 42 daAuts
